[Event "Titled Tuesday Blitz March 14 Late 2023"]
[White "Duda, Jan-Krzysztof"]
[Black "Khismatullin, Denis"]
[WhiteFideId "1170546"]
[BlackFideId "4142578"]
[WhiteElo "2790"]
[BlackElo "2531"]
[Result "0-1"]
[Round "06"]
[TimeControl "180+2"]
[Date "2023.03.14"]
[WhiteClock "0:00:04"]
[BlackClock "0:00:18"]

1. e4 c5 2. Nf3 e6 3. g3 Nc6 4. Bg2 Nf6 5. Qe2 e5 6. O-O Be7 7. c3 O-O 8. Rd1 d5 9. d3 Re8 10. Bg5 Be6 11. Nbd2 d4 12. Bxf6 Bxf6 13. h4 Rc8 14. Kh2 Qd7 15. Qf1 Red8 16. c4 h5 17. Bh3 g6 18. Bxe6 Qxe6 19. Qh3 Qxh3+ 20. Kxh3 Bg7 21. a3 Bh6 22. Nb3 b6 23. Re1 f6 24. Rab1 a5 25. Na1 Kf7 26. Nc2 Bf8 27. b3 Bd6 28. Rg1 Rh8 29. Kg2 Rb8 30. Rgf1 b5 31. cxb5 Rxb5 32. Nd2 Rhb8 33. a4 R5b7 34. Kf3 Ke6 35. Ke2 g5 36. hxg5 fxg5 37. Rh1 Rh8 38. Na3 g4 39. Nac4 Rf7 40. Rh2 Bc7 41. Rbh1 Rfh7 42. f3 gxf3+ 43. Nxf3 Bd8 44. g4 h4 45. g5 h3 46. g6 Rh6 47. g7 Rg8 48. Rxh3 Rg6 49. Rh7 Bf6 50. R1h6 Rg2+ 51. Kf1 R2xg7 52. Rxg7 Rxg7 53. Nb6 Nb4 54. Nd5 Nxd5 55. exd5+ Kf5 56. Ke2 Rg2+ 57. Kd1 Rf2 58. Ne1 Bg5 59. Re6 Rd2+ 60. Kc1 Re2+ 61. Kd1 Rd2+ 62. Kc1 Rxd3+ 63. Kb2 Rd2+ 64. Kc1 Re2+ 65. Kd1 Rd2+ 66. Kc1 e4 67. Re8 d3 68. d6 Rc2+ 69. Kb1 Rc1+ 70. Kb2 Rxe1 71. d7 d2 72. Rf8+ Ke6 0-1


[Site "https://www.chess.com"]

[Event "Titled Tuesday Blitz March 14 Late 2023"]
[White "Deac, Bogdan-Daniel"]
[Black "Steinberg, Nitzan"]
[WhiteFideId "1226380"]
[BlackFideId "2801795"]
[WhiteElo "2649"]
[BlackElo "2486"]
[Result "1-0"]
[Round "06"]
[TimeControl "180+2"]
[Date "2023.03.14"]
[WhiteClock "0:00:02"]
[BlackClock "0:00:02"]

1. d4 d5 2. Nf3 Nf6 3. Bf4 e6 4. e3 Bd6 5. Bg3 O-O 6. c4 c5 7. dxc5 Bxc5 8. Nc3 Nc6 9. a3 a6 10. Qc2 dxc4 11. Bxc4 b5 12. Bd3 Be7 13. Ne4 Qa5+ 14. Nfd2 Nb4 15. Nxf6+ Bxf6 16. Bxh7+ Kh8 17. Qe4 Nd5 18. Qb1 Rd8 19. Bd3 Bb7 20. Ke2 Bxb2 21. Qxb2 Nc3+ 22. Kf1 Rxd3 23. Nb3 Rad8 24. Re1 Rd1 25. f3 Qa4 26. Qxc3 R1d3 27. Qc7 R3d7 28. Qc2 Rc8 29. Qb1 Qxa3 30. Nd4 Bd5 31. h4 Ba2 32. Qa1 Bc4+ 33. Kg1 Qd3 34. Kh2 f6 35. Rd1 Qg6 36. Rhe1 e5 37. Qxa6 Re8 38. Nc6 Rf7 39. Nxe5 1-0


[Site "https://www.chess.com"]

[Event "Titled Tuesday Blitz March 14 Late 2023"]
[White "Nakamura, Hikaru"]
[Black "Erigaisi Arjun"]
[WhiteFideId "2016192"]
[BlackFideId "35009192"]
[WhiteElo "2879"]
[BlackElo "2737"]
[Result "1/2-1/2"]
[Round "06"]
[TimeControl "180+2"]
[Date "2023.03.14"]
[WhiteClock "0:00:10"]
[BlackClock "0:00:15"]

1. c4 Nf6 2. Nc3 e5 3. Nf3 Nc6 4. e4 Bc5 5. Nxe5 Nxe5 6. d4 Bb4 7. dxe5 Nxe4 8. Qd4 Nxc3 9. bxc3 Ba5 10. c5 O-O 11. Bd3 d6 12. cxd6 cxd6 13. exd6 Re8+ 14. Be3 Bb6 15. Qf4 Bxe3 16. fxe3 Qb6 17. O-O-O Qxe3+ 18. Qxe3 Rxe3 19. d7 Bxd7 20. Bxh7+ Kxh7 21. Rxd7 Rxc3+ 22. Kb1 f6 23. Rxb7 a5 24. Rc1 Rac8 25. Rxc3 Rxc3 26. Rb5 Re3 27. Rxa5 Re1+ 28. Kc2 Re2+ 29. Kd3 Rxg2 30. h4 g6 31. a4 Kh6 32. Ra6 f5 33. Ra8 Ra2 34. a5 Kh5 35. Rh8+ Kg4 36. Rh6 Rxa5 37. Rxg6+ Kxh4 38. Ke3 Ra4 39. Kf3 Rg4 1/2-1/2


[Site "https://www.chess.com"]

[Event "Titled Tuesday Blitz March 14 Late 2023"]
[White "Lazavik, Denis"]
[Black "Naroditsky, Daniel"]
[WhiteFideId "13515110"]
[BlackFideId "2026961"]
[WhiteElo "2560"]
[BlackElo "2633"]
[Result "1/2-1/2"]
[Round "06"]
[TimeControl "180+2"]
[Date "2023.03.14"]
[WhiteClock "0:00:06"]
[BlackClock "0:00:09"]

1. d4 Nf6 2. c4 g6 3. g3 Bg7 4. Bg2 O-O 5. Nc3 d6 6. Nf3 Nbd7 7. O-O e5 8. e4 exd4 9. Nxd4 Re8 10. h3 Nc5 11. Re1 Bd7 12. Rb1 a5 13. b3 c6 14. Bf4 Qb6 15. Bxd6 Nfxe4 16. Bxe4 Nxe4 17. Rxe4 Rxe4 18. Nxe4 Qxd4 19. Qxd4 Bxd4 20. Rd1 Bg7 21. Bb8 Rxb8 22. Rxd7 b5 23. Nd6 a4 24. cxb5 cxb5 25. Nxf7 axb3 26. axb3 Rc8 27. Ng5 b4 28. Ne6 Bc3 29. Rd8+ Rxd8 30. Nxd8 Kf8 31. Ne6+ Ke7 32. Ng5 h6 33. Ne4 Ke6 34. Kf1 Bd4 35. Ke2 Kd5 36. Kd3 g5 37. f3 Be5 38. g4 Bg7 39. Ng3 Bf8 40. Nf5 Ke5 41. Ke2 h5 42. Ng3 h4 43. Ne4 Kf4 44. Kf2 Be7 45. Ke2 Bf8 46. Kf2 Be7 47. Ke2 Bf8 1/2-1/2


[Site "https://www.chess.com"]

[Event "Titled Tuesday Blitz March 14 Late 2023"]
[White "Manelyuk, Daniil"]
[Black "Vachier-Lagrave, Maxime"]
[WhiteFideId "44173920"]
[BlackFideId "623539"]
[WhiteElo "2259"]
[BlackElo "2740"]
[Result "0-1"]
[Round "06"]
[TimeControl "180+2"]
[Date "2023.03.14"]
[WhiteClock "0:00:02"]
[BlackClock "0:00:01"]

1. e4 c5 2. Nf3 d6 3. d4 cxd4 4. Nxd4 Nf6 5. Nc3 a6 6. f3 e5 7. Nb3 Be6 8. Be3 h5 9. Qd2 Nbd7 10. Nd5 Bxd5 11. exd5 g6 12. Be2 Bg7 13. Na5 Qc7 14. c4 e4 15. f4 Ng4 16. Bxg4 hxg4 17. O-O Nc5 18. Rab1 O-O-O 19. b4 Nd3 20. b5 b6 21. bxa6 bxa5 22. Rb7 Qxc4 23. Rfb1 Nc5 24. a7 Qa6 25. Bxc5 Qxb7 26. Rxb7 Kxb7 27. Be3 Ka8 28. Qxa5 Rc8 29. Qa6 Rhd8 30. a4 f5 31. a5 Rc3 32. Kf2 Bf6 33. Qb5 Rdc8 34. a6 R3c7 35. Qb6 Bh4+ 36. Kf1 Be7 37. h3 g3 38. Ke2 Bd8 39. Qb5 Rc2+ 40. Kd1 R2c7 41. Bb6 Rc1+ 42. Kd2 R8c2+ 43. Ke3 Re1+ 44. Kd4 Bf6# 0-1


[Site "https://www.chess.com"]

[Event "Titled Tuesday Blitz March 14 Late 2023"]
[White "Svane, Frederik"]
[Black "Dubov, Daniil"]
[WhiteFideId "12923044"]
[BlackFideId "24126055"]
[WhiteElo "2502"]
[BlackElo "2802"]
[Result "1/2-1/2"]
[Round "06"]
[TimeControl "180+2"]
[Date "2023.03.14"]
[WhiteClock "0:00:04"]
[BlackClock "0:00:07"]

1. e4 c5 2. Nf3 e6 3. Be2 Nc6 4. O-O g5 5. c3 g4 6. Ne1 Nf6 7. d4 Nxe4 8. d5 exd5 9. Bxg4 Nf6 10. Bf3 d6 11. Bg5 Be6 12. Na3 Rg8 13. Bxf6 Qxf6 14. Bxd5 O-O-O 15. Nc4 Bxd5 16. Qxd5 Rg5 17. Qf3 Qe6 18. Ne3 d5 19. Nd3 Bd6 20. Rad1 d4 21. Nf4 Bxf4 22. Qxf4 Rdg8 23. cxd4 cxd4 24. Rxd4 Nxd4 25. Qxd4 Kb8 26. Rd1 a6 27. g3 Qxa2 28. Nd5 Qb3 29. Rd3 Qc2 30. Rc3 Qe2 31. Re3 Qg4 32. Qxg4 Rxg4 33. Nf6 R8g6 34. Nxg4 Rxg4 35. f4 Rg6 36. Re7 Rb6 37. Rxf7 Rxb2 38. f5 a5 39. f6 Rb6 40. g4 a4 41. g5 a3 42. Rf8+ Ka7 43. f7 a2 44. Ra8+ Kxa8 45. f8=Q+ Ka7 46. Qa3+ Ra6 47. Qc5+ Kb8 48. Qe5+ Kc8 49. Qc5+ Kd7 50. Qd5+ Kc7 51. Qc5+ Kb8 52. Qe5+ Ka8 53. Qa1 b5 54. Kf2 b4 55. Qh8+ Kb7 56. Qxh7+ Kb6 57. Qg6+ Kb5 58. Qd3+ Kb6 59. Qd4+ Kb5 60. Qe5+ Kb6 61. Qd6+ Kb5 62. Qd5+ Kb6 63. Qd4+ Kc6 64. Qc4+ Kb6 65. Qxb4+ Ka7 66. Qd4+ Rb6 67. Qa4+ Ra6 68. Qd4+ Kb7 69. Qa1 Kc6 70. g6 Kd7 71. g7 Ra8 72. g8=Q Rxg8 73. Qxa2 Rf8+ 74. Ke3 Ke7 75. Ke4 Rf6 76. Ke5 Rh6 77. Qa7+ Kf8 78. Qf2+ Kg7 79. Qg3+ Kf7 80. Qf4+ Kg7 81. h4 Rh5+ 82. Ke4 Rh6 83. Qg5+ Kh7 84. Kf4 Rg6 85. Qf5 Kg7 86. Qe5+ Kh7 87. h5 Rg8 88. Qf5+ Kh6 89. Qf6+ Kh7 90. Qf7+ Rg7 91. Qf5+ Kh8 92. h6 Rf7 93. Ke5 Rxf5+ 94. Kxf5 Kh7 95. Kg5 Kh8 96. Kg6 Kg8 97. h7+ Kh8 98. Kh6 1/2-1/2


[Site "https://www.chess.com"]

[Event "Titled Tuesday Blitz March 14 Late 2023"]
[White "Drygalov, Andrey"]
[Black "Caruana, Fabiano"]
[WhiteFideId "24171735"]
[BlackFideId "2020009"]
[WhiteElo "2471"]
[BlackElo "2818"]
[Result "0-1"]
[Round "06"]
[TimeControl "180+2"]
[Date "2023.03.14"]
[WhiteClock "0:00:03"]
[BlackClock "0:00:25"]

1. e4 e5 2. Nf3 Nc6 3. Bc4 Nf6 4. d3 Bc5 5. O-O d6 6. c3 a6 7. a4 Ba7 8. Re1 h6 9. Nbd2 g5 10. b4 Ng4 11. Re2 Qf6 12. Qe1 Qg7 13. Nf1 O-O 14. h3 Nf6 15. Ng3 Kh8 16. Be3 Bxe3 17. Rxe3 g4 18. hxg4 Nxg4 19. Re2 Ne7 20. d4 Be6 21. Bd3 Rg8 22. Qd2 Rad8 23. Rf1 Nf6 24. Nh2 Ng6 25. Re3 Nf4 26. Rf3 Qg5 27. Qe3 h5 28. Rd1 h4 29. Bf1 hxg3 30. fxg3 N4h5 31. Qf2 Nxe4 32. Qc2 Nhxg3 33. Bd3 f5 34. Re1 Rg6 35. Nf1 Nxf1 36. Rh3+ Rh6 37. Rxh6+ Qxh6 38. Rxf1 Rg8 39. Bxe4 fxe4 40. Qxe4 Bh3 41. Rf2 Bd7 42. dxe5 Bc6 43. Qd4 Rg7 44. Rf8+ Kh7 45. Qd3+ Rg6 46. Rf7+ Kg8 47. Rf2 Qc1+ 48. Qf1 Qxf1+ 49. Kxf1 dxe5 50. Ke2 Kg7 51. Ke3 Rg3+ 52. Ke2 Rxg2 53. Rxg2+ Bxg2 0-1


[Site "https://www.chess.com"]

[Event "Titled Tuesday Blitz March 14 Late 2023"]
[White "Bluebaum, Matthias"]
[Black "Nesterov, Arseniy"]
[WhiteFideId "24651516"]
[BlackFideId "24198455"]
[WhiteElo "2638"]
[BlackElo "2491"]
[Result "1-0"]
[Round "06"]
[TimeControl "180+2"]
[Date "2023.03.14"]
[WhiteClock "0:01:36"]
[BlackClock "0:00:03"]

1. d4 d5 2. c4 e6 3. Nc3 Nf6 4. cxd5 exd5 5. Bf4 Bd6 6. Bxd6 Qxd6 7. e3 c6 8. Bd3 O-O 9. Nge2 Re8 10. Qd2 b6 11. f3 Ba6 12. Ng3 Qf4 13. Nf1 c5 14. O-O-O Qc7 15. Ng3 Bxd3 16. Qxd3 Nc6 17. dxc5 Nb4 18. Qd2 Qxc5 19. Kb1 Qxe3 20. a3 Qxd2 21. Rxd2 Nc6 22. Nxd5 Nxd5 23. Rxd5 Rad8 24. Rxd8 Rxd8 25. Rc1 Ne5 26. Rc7 a5 27. Rb7 Nc4 28. Kc2 g6 29. Kc3 Rc8 30. Kb3 Rc6 31. Ne4 Ne3 32. g4 h6 33. h4 Nc2 34. Rd7 b5 35. g5 hxg5 36. hxg5 a4+ 37. Ka2 Kg7 38. Rd8 f5 39. gxf6+ Kf7 40. Rd7+ Kf8 41. Ng5 Ke8 42. f7+ 1-0


[Site "https://www.chess.com"]

[Event "Titled Tuesday Blitz March 14 Late 2023"]
[White "Paravyan, David"]
[Black "Visakh N R"]
[WhiteFideId "4194985"]
[BlackFideId "25012223"]
[WhiteElo "2577"]
[BlackElo "2466"]
[Result "0-1"]
[Round "06"]
[TimeControl "180+2"]
[Date "2023.03.14"]
[WhiteClock "0:00:09"]
[BlackClock "0:01:12"]

1. e4 c5 2. Nf3 Nc6 3. Nc3 g6 4. d4 cxd4 5. Nxd4 Bg7 6. Be3 Nf6 7. Bc4 O-O 8. Bb3 d6 9. f3 Nxd4 10. Bxd4 Be6 11. Qd3 Qa5 12. O-O-O Rfc8 13. Kb1 Rab8 14. Qb5 Qxb5 15. Nxb5 Bxb3 16. cxb3 a6 17. Nc3 Kf8 18. Rc1 Nh5 19. Ba7 Ra8 20. Be3 Bxc3 21. bxc3 b5 22. g4 Nf6 23. Rhd1 Ke8 24. Bd4 Nd7 25. h4 f6 26. f4 Kf7 27. h5 gxh5 28. Rh1 e5 29. Be3 exf4 30. Bxf4 hxg4 31. Rxh7+ Ke6 32. Rd1 Ne5 33. Bxe5 Kxe5 34. Re7+ Kf4 35. Rxd6 Rg8 36. Rxf6+ Ke3 37. Rf1 g3 38. Ref7 g2 39. Rg1 Rae8 40. Kc2 Rxe4 41. Kd1 Rd8+ 42. Ke1 Rd2 0-1


[Site "https://www.chess.com"]

[Event "Titled Tuesday Blitz March 14 Late 2023"]
[White "Sarana, Alexey"]
[Black "Yeletsky, Ivan"]
[WhiteFideId "24133795"]
[BlackFideId "24180327"]
[WhiteElo "2714"]
[BlackElo "2414"]
[Result "1-0"]
[Round "06"]
[TimeControl "180+2"]
[Date "2023.03.14"]
[WhiteClock "0:01:38"]
[BlackClock "0:00:48"]

1. c4 e5 2. Nf3 e4 3. Nd4 Nc6 4. e3 Nxd4 5. exd4 Qf6 6. Nc3 Qxd4 7. Be2 Nf6 8. O-O Be7 9. d3 exd3 10. Bxd3 Qh4 11. Re1 Ng4 12. h3 Qxf2+ 13. Kh1 Nf6 14. Be3 Qg3 15. Qd2 Kf8 16. Bf2 Qd6 17. c5 Qc6 18. Bb5 Qe6 19. Rxe6 dxe6 20. Rd1 a6 21. Ba4 b5 22. cxb6 cxb6 23. Bc6 1-0


[Site "https://www.chess.com"]

[Event "Titled Tuesday Blitz March 14 Late 2023"]
[White "Ozen, Bahadir"]
[Black "Pranav, V"]
[WhiteFideId "6337058"]
[BlackFideId "25060783"]
[WhiteElo "2503"]
[BlackElo "2500"]
[Result "1-0"]
[Round "06"]
[TimeControl "180+2"]
[Date "2023.03.14"]
[WhiteClock "0:00:02"]
[BlackClock "0:00:04"]

1. d4 Nf6 2. c4 e6 3. Nf3 b6 4. g3 Ba6 5. Qc2 b5 6. cxb5 Bxb5 7. Bg2 Nc6 8. O-O Be7 9. Nc3 Ba6 10. a3 O-O 11. Bf4 Rb8 12. b4 Bc4 13. Rfd1 a5 14. b5 Bxb5 15. Nxb5 Rxb5 16. e4 Nh5 17. Be3 Qb8 18. d5 Nd8 19. e5 f5 20. dxe6 dxe6 21. Qc4 Re8 22. Bf1 c6 23. a4 Rd5 24. Rab1 Bb4 25. Bg5 h6 26. Be3 Rf8 27. Be2 Qc7 28. Kg2 f4 29. Bd4 fxg3 30. hxg3 Qf7 31. Bb2 Qg6 32. Kf1 Nxg3+ 33. fxg3 Qxg3 34. Qe4 Bc5 35. Bd4 Rf4 36. Qxf4 Qxf4 37. Bxc5 Nf7 38. Rxd5 cxd5 39. Rb8+ Kh7 40. Rf8 g5 41. Be7 g4 42. Bf6 gxf3 43. Bd3+ 1-0


[Site "https://www.chess.com"]

[Event "Titled Tuesday Blitz March 14 Late 2023"]
[White "Daneshvar, Bardiya"]
[Black "Albornoz Cabrera, Carlos Daniel"]
[WhiteFideId "12576468"]
[BlackFideId "3518736"]
[WhiteElo "2468"]
[BlackElo "2501"]
[Result "1-0"]
[Round "06"]
[TimeControl "180+2"]
[Date "2023.03.14"]
[WhiteClock "0:00:05"]
[BlackClock "0:00:04"]

1. b3 e5 2. Bb2 Nc6 3. e3 Nf6 4. Bb5 Bd6 5. Na3 a6 6. Bxc6 dxc6 7. Nc4 Qe7 8. a4 O-O 9. a5 Nd7 10. Ne2 Re8 11. O-O Nf8 12. e4 Ng6 13. d3 Be6 14. Nxd6 cxd6 15. f4 Bg4 16. fxe5 dxe5 17. h3 Bxe2 18. Qxe2 f6 19. Ba3 Qd7 20. Bc5 Nf4 21. Qg4 Qxg4 22. hxg4 Ne6 23. Be3 Rad8 24. b4 Nd4 25. Rf2 h6 26. Rd1 Rd7 27. Kf1 Red8 28. Ke1 Kf7 29. Kd2 Nb3+ 30. Kc3 Nd4 31. Kb2 Ke7 32. c3 Ne6 33. Bb6 Rc8 34. d4 Ng5 35. Re2 Ke6 36. Rf1 Rh8 37. Kb3 h5 38. gxh5 Rxh5 39. dxe5 Kxe5 40. Bd4+ Ke6 41. g4 Rh3 42. e5 Kf7 43. exf6 g6 44. Re7+ Rxe7 45. fxe7+ Ke8 46. Rf8+ Kxe7 47. Rb8 Ne6 48. Be5 Re3 49. Rxb7+ Kd8 50. Bf6+ Kc8 51. Ra7 Nc7 52. Bd4 Re4 53. Bb6 Nb5 54. Rg7 Rxg4 55. c4 Nd4+ 56. Kc3 Nf5 57. Rc7+ Kb8 58. Rxc6 Rg3+ 59. Kd2 Rg2+ 60. Ke1 Rc2 61. Kd1 Rg2 62. b5 axb5 63. cxb5 Rb2 64. Rc5 Rb1+ 65. Kc2 Rb4 66. Kc3 Rb1 67. a6 Rc1+ 68. Kb2 Re1 69. a7+ Kb7 70. Rc8 Kxb6 71. a8=Q Re2+ 72. Kc1 Re1+ 73. Kd2 Re6 74. Qa6# 1-0


[Site "https://www.chess.com"]

[Event "Titled Tuesday Blitz March 14 Late 2023"]
[White "Svane, Rasmus"]
[Black "Galchenko, Matvey"]
[WhiteFideId "4657101"]
[BlackFideId "24175480"]
[WhiteElo "2597"]
[BlackElo "2404"]
[Result "1-0"]
[Round "06"]
[TimeControl "180+2"]
[Date "2023.03.14"]
[WhiteClock "0:02:07"]
[BlackClock "0:01:22"]

1. Nf3 c5 2. c4 Nc6 3. Nc3 g6 4. e3 Nf6 5. d4 cxd4 6. exd4 d5 7. cxd5 Nxd5 8. Qb3 Nxc3 9. Bc4 e6 10. bxc3 Bg7 11. Ba3 Bf8 12. Bxf8 Kxf8 13. h4 h6 14. O-O Kg7 15. Qb2 b6 16. Bd3 Bb7 17. Rae1 Qf6 18. Re3 Rhd8 19. Rfe1 Rac8 20. h5 g5 21. Bb1 Rc7 22. Qc2 Kf8 23. Qc1 Nxd4 24. Nxd4 Rxd4 25. Qa3+ 1-0


[Site "https://www.chess.com"]

[Event "Titled Tuesday Blitz March 14 Late 2023"]
[White "Bortnyk, Olexandr"]
[Black "Christiansen, Johan-Sebastian"]
[WhiteFideId "14120828"]
[BlackFideId "1512668"]
[WhiteElo "2734"]
[BlackElo "2517"]
[Result "1-0"]
[Round "06"]
[TimeControl "180+2"]
[Date "2023.03.14"]
[WhiteClock "0:02:13"]
[BlackClock "0:02:02"]

1. d4 Nf6 2. Nc3 e6 3. e4 d5 4. Bg5 h6 5. Bxf6 Qxf6 6. exd5 Bb4 7. Bb5+ c6 8. dxc6 bxc6 9. Be2 O-O 10. Nf3 Rd8 11. O-O c5 12. Ne4 Qg6 13. Bd3 cxd4 14. Nh4 Qf5 15. Nxf5 exf5 16. Ng3 f4 17. Qf3 1-0


[Site "https://www.chess.com"]

[Event "Titled Tuesday Blitz March 14 Late 2023"]
[White "Makhnev, Denis"]
[Black "Averjanov, Alexey"]
[WhiteFideId "13707647"]
[BlackFideId "14109867"]
[WhiteElo "2525"]
[BlackElo "2720"]
[Result "1/2-1/2"]
[Round "06"]
[TimeControl "180+2"]
[Date "2023.03.14"]
[WhiteClock "0:00:05"]
[BlackClock "0:00:04"]

1. d4 d5 2. c4 dxc4 3. Nf3 Nf6 4. e3 e6 5. Bxc4 a6 6. O-O b5 7. Be2 Bb7 8. Ne5 c5 9. Bf3 Qb6 10. a4 Nc6 11. axb5 axb5 12. Rxa8+ Bxa8 13. Nc3 Be7 14. Qb3 cxd4 15. Nxc6 Bxc6 16. Bxc6+ Qxc6 17. exd4 b4 18. Ne2 O-O 19. Be3 Nd5 20. Rc1 Qa6 21. Nf4 Rd8 22. Nxd5 Rxd5 23. Qc4 Qb6 24. Qc7 Qxc7 25. Rxc7 Bf8 26. Rc8 f6 27. Kf1 Kf7 28. Ke2 g5 29. g4 Rd7 30. Kd3 Bd6 31. h3 Rb7 32. Kc4 Be7 33. Rc6 h6 34. b3 Rd7 35. Rb6 Rc7+ 36. Kb5 Rc3 37. Ka4 Rc2 38. Rb7 Ra2+ 39. Kb5 Rc2 40. Ra7 Ke8 41. Ra8+ Kf7 42. Rh8 Kg7 43. Re8 Kf7 44. Rb8 Rc3 45. Ka4 Rc2 46. Rb7 Ke8 47. Rb6 Kf7 48. Kb5 Rc3 49. Ka4 Rc2 1/2-1/2


[Site "https://www.chess.com"]

[Event "Titled Tuesday Blitz March 14 Late 2023"]
[White "Preotu, Razvan"]
[Black "Van Foreest, Jorden"]
[WhiteFideId "2613280"]
[BlackFideId "1039784"]
[WhiteElo "2407"]
[BlackElo "2633"]
[Result "0-1"]
[Round "06"]
[TimeControl "180+2"]
[Date "2023.03.14"]
[WhiteClock "0:00:03"]
[BlackClock "0:00:04"]

1. e4 e5 2. Nf3 Nc6 3. Bc4 Bc5 4. c3 d6 5. d3 Nf6 6. O-O a6 7. a4 Ba7 8. Re1 h6 9. Nbd2 g5 10. b4 g4 11. Nh4 Nh5 12. g3 Nf4 13. Rf1 Qf6 14. Nb3 Ne7 15. Bxf4 exf4 16. d4 Kf8 17. Qd2 f3 18. Rfe1 Qg5 19. e5 d5 20. Bd3 Qxd2 21. Nxd2 Be6 22. a5 h5 23. Nf1 c6 24. Ne3 Bb8 25. Nef5 Bc7 26. Nxe7 Kxe7 27. Nf5+ Kd7 28. h4 gxh3 29. Kh2 Rag8 30. Re3 h4 31. Rxf3 hxg3+ 32. fxg3 Rg5 33. Raf1 Rhh5 34. Nh4 c5 35. Bf5 cxd4 36. cxd4 Bd8 37. Bxe6+ fxe6 38. Rf7+ Be7 39. Kxh3 Rg8 40. R1f4 Rhg5 41. Rf3 Rg4 42. Rh7 R4g7 43. Rxg7 Rxg7 44. Ng2 Bxb4 45. Rb3 Bxa5 46. Rxb7+ Bc7 47. Ra7 a5 48. Nf4 Rg8 49. g4 Rb8 50. g5 Rf8 51. Kg4 Rg8 52. g6 Kc6 53. Kg5 Bb6 54. Re7 Bxd4 55. Rxe6+ Kc5 56. Kf5 a4 57. Ra6 Kb5 58. Rd6 a3 59. Rxd5+ Kc4 60. Ra5 Bb2 61. Ne6 Kb4 62. Ra7 Kb3 63. g7 a2 64. Kf6 Ba3 65. Nd4+ Kb2 66. Nc2 Bc5 67. Rb7+ Kxc2 68. Rc7 a1=Q 69. Rxc5+ Kd3 70. Kf7 Rb8 71. Rd5+ Ke4 72. Rd7 Qa2+ 73. e6 Qf2+ 74. Kg6 Qg3+ 75. Kf7 Qf4+ 76. Ke7 Qg5+ 77. Kf7 Qf5+ 78. Ke7 Qg6 79. Kd6 Qf6 80. Rf7 Qe5+ 81. Ke7 Rb7+ 82. Kf8 Qb8# 0-1


[Site "https://www.chess.com"]

[Event "Titled Tuesday Blitz March 14 Late 2023"]
[White "Oro, Faustino"]
[Black "Lenderman, Aleksandr"]
[WhiteFideId "20000197"]
[BlackFideId "2021285"]
[WhiteElo "1984"]
[BlackElo "2607"]
[Result "0-1"]
[Round "06"]
[TimeControl "180+2"]
[Date "2023.03.14"]
[WhiteClock "0:00:02"]
[BlackClock "0:00:08"]

1. e4 e5 2. Nf3 Nf6 3. Nxe5 d6 4. Nf3 Nxe4 5. Nc3 Nf6 6. g3 Be7 7. Bg2 O-O 8. O-O d5 9. d3 c6 10. Re1 Re8 11. h3 Nbd7 12. Ne2 Nf8 13. c3 Ng6 14. Nf4 Bd6 15. Nxg6 hxg6 16. Bg5 Rxe1+ 17. Qxe1 Bf5 18. Qd2 Qd7 19. Kh2 Re8 20. Re1 Rxe1 21. Nxe1 a6 22. Qe3 Nh7 23. Bf4 Bf8 24. Qe2 g5 25. Be3 g4 26. h4 Bd6 27. Nc2 Nf6 28. Nd4 Bg6 29. Bg5 c5 30. Bxf6 gxf6 31. Nb3 Qe6 32. Qd2 Qf5 33. d4 c4 34. Nc5 b6 35. Nxa6 Qd3 36. Qe1 Qc2 37. Bxd5 Qxb2 38. Bxc4 b5 39. Bb3 Kg7 40. Nc5 b4 41. cxb4 Qxd4 42. a4 f5 43. Bd1 f4 44. Nb3 fxg3+ 45. fxg3 Qb2+ 46. Kg1 Qb1 47. Qd2 Bxb4 48. Qd4+ Kh7 49. Kh2 Bf8 50. Qxg4 Qb2+ 51. Qe2 Qc3 52. a5 Bd6 53. Qf2 Qc4 54. Qd4 Qe6 55. Qd2 Qf6 56. Nd4 Qxh4+ 57. Kg1 Qxg3+ 58. Kf1 Bd3+ 59. Be2 Qh3+ 60. Kg1 Bh2+ 61. Kf2 Qg3+ 0-1


[Site "https://www.chess.com"]

[Event "Titled Tuesday Blitz March 14 Late 2023"]
[White "Bacrot, Etienne"]
[Black "Subelj, Jan"]
[WhiteFideId "605506"]
[BlackFideId "14618583"]
[WhiteElo "2663"]
[BlackElo "2474"]
[Result "1-0"]
[Round "06"]
[TimeControl "180+2"]
[Date "2023.03.14"]
[WhiteClock "0:01:29"]
[BlackClock "0:00:45"]

1. e4 e5 2. Nf3 Nc6 3. Bb5 a6 4. Ba4 Nf6 5. O-O Be7 6. Re1 b5 7. Bb3 d6 8. c3 O-O 9. h3 Bb7 10. d4 Re8 11. Nbd2 Bf8 12. d5 Ne7 13. Nf1 c6 14. dxc6 Nxc6 15. Bg5 h6 16. Bxf6 Qxf6 17. Bd5 Rac8 18. a4 bxa4 19. Qxa4 Rc7 20. Ne3 Qd8 21. Red1 Qb8 22. b4 Rec8 23. c4 Ba8 24. Qxa6 Qxb4 25. Rdb1 Qc3 26. Ra3 Nb4 27. Qxc8 1-0


[Site "https://www.chess.com"]

[Event "Titled Tuesday Blitz March 14 Late 2023"]
[White "Shubin, Kirill"]
[Black "Garcia Pantoja, Roberto"]
[WhiteFideId "34119962"]
[BlackFideId "3509265"]
[WhiteElo "2407"]
[BlackElo "2544"]
[Result "0-1"]
[Round "06"]
[TimeControl "180+2"]
[Date "2023.03.14"]
[WhiteClock "0:00:30"]
[BlackClock "0:00:29"]

1. e4 c5 2. Nf3 d6 3. Bb5+ Bd7 4. Bxd7+ Qxd7 5. O-O Nc6 6. Re1 Nf6 7. c3 e6 8. d4 cxd4 9. cxd4 d5 10. e5 Ne4 11. Nbd2 Nxd2 12. Bxd2 Bb4 13. Rc1 Bxd2 14. Qxd2 O-O 15. Rc3 Rfc8 16. h4 Ne7 17. Rd3 Rc7 18. h5 h6 19. g4 Rac8 20. g5 Nf5 21. gxh6 gxh6 22. Qf4 Qb5 23. Rb3 Qa4 24. Kh2 Rc2 25. Rg1+ Kf8 26. Qg4 Rxf2+ 27. Kh1 Rc7 28. Ra3 Qc2 29. Rxa7 Qe4 30. Qxe4 dxe4 31. Nh2 Rcc2 32. Ng4 Rf3 33. Nh2 Ng3+ 34. Rxg3 Rxg3 0-1


[Site "https://www.chess.com"]

[Event "Titled Tuesday Blitz March 14 Late 2023"]
[White "Priasmoro, Novendra"]
[Black "Chigaev, Maksim"]
[WhiteFideId "7105029"]
[BlackFideId "4108116"]
[WhiteElo "2412"]
[BlackElo "2547"]
[Result "0-1"]
[Round "06"]
[TimeControl "180+2"]
[Date "2023.03.14"]
[WhiteClock "0:00:04"]
[BlackClock "0:00:22"]

1. e4 c5 2. Nf3 Nc6 3. Bb5 e5 4. O-O Bd6 5. Na3 Nge7 6. Nc4 Bc7 7. c3 O-O 8. a4 d5 9. exd5 Qxd5 10. d3 Qd8 11. Re1 f6 12. Be3 b6 13. a5 Be6 14. axb6 axb6 15. Rxa8 Qxa8 16. d4 cxd4 17. cxd4 e4 18. Nfd2 f5 19. g3 Nd5 20. Qa1 Ncb4 21. Nf1 Qb8 22. Qa4 f4 23. Bd2 e3 24. Bxb4 Nxb4 25. fxe3 fxg3 26. Qxb4 gxh2+ 27. Kh1 Rxf1+ 28. Rxf1 Bd5+ 0-1


[Site "https://www.chess.com"]

[Event "Titled Tuesday Blitz March 14 Late 2023"]
[White "Ibarra Jerez, Jose Carlos"]
[Black "Koutlas, Nikolaos"]
[WhiteFideId "2226332"]
[BlackFideId "25827138"]
[WhiteElo "2638"]
[BlackElo "2215"]
[Result "1-0"]
[Round "06"]
[TimeControl "180+2"]
[Date "2023.03.14"]
[WhiteClock "0:01:18"]
[BlackClock "0:00:23"]

1. e4 c5 2. Nf3 Nc6 3. Nc3 Nf6 4. d4 cxd4 5. Nxd4 d6 6. Nd5 e6 7. Nxf6+ Qxf6 8. Nb5 Qd8 9. c4 a6 10. Nc3 Be7 11. Be3 O-O 12. Be2 Bd7 13. O-O Qc7 14. Rc1 Qa5 15. a3 Rfc8 16. Qd2 Ne5 17. c5 dxc5 18. f4 Nc6 19. Qxd7 Rd8 20. Qxb7 Nd4 21. Qxe7 Qb6 22. Bxd4 cxd4 23. Na4 Qb3 24. Bc4 Qxa4 25. f5 Re8 26. Qb4 Qd7 27. fxe6 fxe6 28. Rcd1 1-0


[Site "https://www.chess.com"]

[Event "Titled Tuesday Blitz March 14 Late 2023"]
[White "Kamsky, Gata"]
[Black "Golubev, Mikhail"]
[WhiteFideId "2000024"]
[BlackFideId "14100983"]
[WhiteElo "2666"]
[BlackElo "2374"]
[Result "1-0"]
[Round "06"]
[TimeControl "180+2"]
[Date "2023.03.14"]
[WhiteClock "0:00:39"]
[BlackClock "0:00:01"]

1. e4 c5 2. Nf3 d6 3. d4 Nf6 4. Nc3 cxd4 5. Nxd4 g6 6. Bc4 Bg7 7. O-O Nc6 8. Nb3 O-O 9. h3 Ne5 10. Be2 Be6 11. f4 Nc6 12. Be3 Na5 13. e5 Ne8 14. Nd4 Bc4 15. Nf3 Rc8 16. Bd4 Bxe2 17. Qxe2 Nc6 18. Bf2 dxe5 19. fxe5 Nc7 20. Rad1 Qe8 21. Rfe1 Ne6 22. Nd5 Kh8 23. c4 Rd8 24. b3 Qd7 25. Bh4 Qc8 26. Nxe7 Nxe7 27. Bxe7 Rxd1 28. Rxd1 Re8 29. Bd6 f6 30. exf6 Bxf6 31. Qf2 Bg7 32. Qxa7 Rd8 33. Rd5 Qc6 34. Be5 Rxd5 35. cxd5 Qxd5 36. Qb8+ 1-0


[Site "https://www.chess.com"]